 Dungeon Crawl Stone Soup version 0.27-a0-13-g87abb2d9eb (webtiles) character file.

Game seed: 3392594668413997646

152 dickylongcocking the Shield-Bearer (level 5, 0/36 HPs)
             Began as an Octopode Fighter on Jan 2, 2021.
             Was an Initiate of Wu Jian.
             Slain by a sky beast (6 damage)
             ... on level 9 of the Dungeon.
             The game lasted 00:01:32 (2573 turns).

dickylongcocking the Shield-Bearer (OpFi)           Turns: 2573, Time: 00:01:33

Health: 0/36       AC:  1    Str: 12 (15) XL:     5   Next: 34%
Magic:  5/5        EV: 12    Int:  7 (10) God:    Wu Jian [......]
Gold:   127        SH:  9    Dex: 12 (13) Spells: 4/4 levels left

rFire    + + .     SeeInvis .     - Unarmed
rCold    . . .     Faith    .   a - +0 kite shield
rNeg     . . .     Spirit   .   (helmet restricted)
rPois    .         Reflect  .   c - amulet of magic regeneration
rElec    .         Harm     .   l - ring of protection from fire
rCorr    .         Rampage  .   k - ring of protection from fire
Will     .....                  (no ring)
Stlth    +++.......             (no ring)
HPRegen  0.12/turn              (no ring)
MPRegen  0.34/turn              (no ring)
                                (no ring)
                                (no ring)

@: flying, hasted, very quick
A: almost no armour, stealthy swim, amphibious, 8 rings, constrict 8, camouflage
1, gelatinous body 1
a: Renounce Religion


You were on level 9 of the Dungeon.
You worshipped Wu Jian.
Wu Jian was noncommittal.
You visited 1 branch of the dungeon, and saw 5 of its levels.

You collected 127 gold pieces.

Inventory:

Armour
 a - a +0 kite shield (worn)
Jewellery
 c - an amulet of magic regeneration (around mantle)
 k - a ring of protection from fire (right tentacle)
 l - a ring of protection from fire (left tentacle)
Scrolls
 d - 2 scrolls of identify {unknown}
 h - 2 scrolls of magic mapping {unknown}
 i - a scroll of fear {unknown}
 j - a scroll of amnesia {unknown}
 m - a scroll of enchant armour {unknown}
 n - 2 scrolls of remove curse {unknown}
 o - a scroll of fog {unknown}
Potions
 b - 3 potions of might
 e - a potion of flight
 f - a potion of haste


   Skills:
 - Level 3.1 Fighting
 - Level 3.0 Dodging
 + Level 2.7 Stealth
 * Level 4.3 Shields
 * Level 3.6 Unarmed Combat


You had 4 spell levels left.
You didn't know any spells.
Your spell library was empty.

Dungeon Overview and Level Annotations

Branches:
Dungeon (3/15)

Altars:
Ashenzari
Wu Jian


Innate Abilities, Weirdness & Mutations

You cannot wear most types of armour.
You are very stealthy in the water. (Stealth+)
You are amphibious.
You can wear up to eight rings at the same time.
You can use your tentacles to constrict eight enemies at once.
Your skin changes colour to match your surroundings (Stealth+).
Your rubbery body absorbs attacks. (AC +1, EV +1)


Message History

The sky beast is lightly wounded.
The sky beast hits you. The sky beast shocks you.
You closely miss the sky beast. The sky beast hits you.
The sky beast shocks you.
* * * LOW HITPOINT WARNING * * *
It was a potion of flight.
You feel very buoyant.
You fly up into the air.
You block the sky beast's attack.
It was a potion of degeneration.
There was something very wrong with that liquid.
You feel weakened.
You feel dopey.
You feel clumsy. You block the sky beast's attack.
You are too injured to fight recklessly!
It was a potion of haste.
You feel yourself speed up.
The sky beast flickers out of sight!
Deactivating autopickup; reactivate with Ctrl-A.
Something hits you.
* * * LOW HITPOINT WARNING * * *
Something shocks you.
You die...

#. #....#
#.##....#
##.......#
.........#
.........#
.........###
......{....#
#@...#
#....#
#....#
#....#
#....#
######


There were no monsters in sight!

Vanquished Creatures
  Terence (D:2)
  Natasha (thrice) (D:2)
  A dart slug (D:1)
  2 leopard geckos (D:1)
  4 orcs (D:3)
  2 ball pythons (D:1)
  A giant cockroach (D:2)
  2 goblins (D:1)
  7 hobgoblins
  5 jackals
  A quokka (D:2)
  3 bats
  3 frilled lizards
  4 kobolds
  5 rats
44 creatures vanquished.

Vanquished Creatures (others)
  A plant (D:2)
1 creature vanquished.

Grand Total: 45 creatures vanquished

Notes
Turn   | Place    | Note
-------+----------+-------------------------------------------
     0 | D:1      | dickylongcocking the Octopode Fighter began the quest for
                  | the Orb.
     0 | D:1      | Reached XP level 1. HP: 16/16 MP: 1/1
   358 | D:1      | Reached XP level 2. HP: 19/21 MP: 2/2
   498 | D:1      | Reached skill level 1 in Stealth
   985 | D:2      | Reached XP level 3. HP: 26/26 MP: 3/3
  1047 | D:2      | Noticed Terence
  1061 | D:2      | Killed Terence
  1403 | D:2      | Found an ornate altar of the Wu Jian Council.
  1450 | D:2      | Noticed Natasha
  1462 | D:2      | Killed Natasha
  1463 | D:2      | Reached XP level 4. HP: 22/31 MP: 4/4
  1513 | D:2      | Became a worshipper of the Wu Jian Council
  2022 | D:2      | Noticed Natasha
  2028 | D:2      | Killed Natasha
  2029 | D:2      | Reached skill level 4 in Shields
  2172 | D:2      | Noticed Natasha
  2178 | D:2      | Killed Natasha
  2179 | D:2      | Reached XP level 5. HP: 24/36 MP: 5/5
  2416 | D:3      | Found a broken altar of Ashenzari.
  2549 | D:3      | You fall into a shaft and drop 3 floors!
  2564 | D:6      | You fall into a shaft and drop 3 floors!
  2565 | D:9      | Noticed a sky beast
  2573 | D:9      | Slain by a sky beast

Illustrated notes

Levels and vault maps discovered:
D:1:      lemuel_arrival_cross, layout_basic
D:2:      layout_loops_ring, nzn_wu_jian_council_hall, serial_forest,
          infiniplex_forest_clump_C, infiniplex_forest_straight_3,
          infiniplex_forest_clump_long, infiniplex_forest_lined_room_2,
          infiniplex_forest_lined_room_2, infiniplex_forest_straight_3,
          minmay_misc_feat_plants, kennysheep_cluttered_room,
          amcnicky_mini_corridor_feature, uniq_natasha, uniq_terence
D:3:      minmay_general_purpose_star, layout_basic,
          lemuel_coloured_pillars_altar, marbit_many_paths,
          nicolae_overflow_hidden_temple, chequers_ecumenical_altar_island
D:6:      layout_loops_ring, okawaru_gym_becter, uniq_grinder
D:9:      layout_basic, erik_lair_orcish_takeover, minmay_misc_feat_alley

Skill      XL: |  1  2  3  4 |
---------------+-------------+-----
Stealth        | 1 2 |  2.7
Unarmed Combat | 3 |  3.6
Shields        | 4 |  4.3
Fighting       | |  3.1
Dodging        | |  3.0

Action                   |  1- 3 |  4- 6 || total
-------------------------+-------+-------++-------
Melee: Unarmed           |    57 |    53 ||   110
       Constrict         |    15 |     9 ||    24
       Tentacles         |    10 |    10 ||    20
       Punch             |       |     4 ||     4
Invok: Lunge             |       |     5 ||     5
  Use: Potion            |       |     3 ||     3
 Stab: Sleeping          |     9 |     3 ||    12
Armor: Skin              |     3 |     2 ||     5
Dodge: Dodged            |    27 |    18 ||    45
Block: Kite shield       |    23 |    22 ||    45

Table legend: (Time is in decaauts)
 A = Elapsed time spent in this place.
 B = Non-inter-level travel time spent in this place.
 C = Inter-level travel time spent in this place.
 D = Time resting spent in this place.
 E = Time spent auto-exploring this place.
 F = Levels seen in this place.
 G = Mean time per level.
                   A        B        C        D        E       F      G
               +--------+--------+--------+--------+--------+-----+--------+
         Total |   2587 |   2444 |    143 |      0 |   2114 |   5 |  517.4 |
       Dungeon |   2587 |   2444 |    143 |      0 |   2114 |   5 |  517.4 |
               +--------+--------+--------+--------+--------+-----+--------+

Top non-repeatable levels by time:
     D:2: 1553 daAuts
     D:1: 863 daAuts
     D:3: 146 daAuts
     D:6: 14 daAuts
     D:9: 8 daAuts
